 Dungeon Crawl Stone Soup version 0.19.5 (webtiles) character file.

54 JeffiDaFish the Firebug (level 3, -1/25 HPs)
             Began as a Demonspawn Fire Elementalist on Sept 12, 2017.
             Slain by a hobgoblin
             ... wielding a +0 club
              (5 damage)
             ... on level 2 of the Dungeon.
             The game lasted 00:04:46 (1504 turns).

JeffiDaFish the Firebug (DsFE)                      Turns: 1504, Time: 00:04:46

Health: -1/25      AC:  5    Str:  8    XL:     3   Next: 66%
Magic:  1/6        EV: 10    Int: 16    God:
Gold:   43         SH:  0    Dex: 14    Spells: 2 memorised, 3 levels left

rFire  . . .     SeeInvis .     h - +0 spear
rCold  . . .     Gourm    .     d - +0 ring mail
rNeg   . . .     Faith    .     (no shield)
rPois  .         Spirit   .     (no helmet)
rElec  .         Reflect  .     (no cloak)
rCorr  .         Harm     .     (no gloves)
MR     .....                    (no boots)
Stlth  +.........               (no amulet)
                                (no ring)
                                (no ring)

@: very slightly contaminated
A: demonic guardian 1
a: no special abilities


You were on level 2 of the Dungeon.
You were not hungry.

You visited 1 branch of the dungeon, and saw 2 of its levels.

You collected 43 gold pieces.

Inventory:

Hand Weapons
 h - a +0 spear (weapon)
Armour
 d - a +0 ring mail (worn)
Scrolls
 g - a scroll of blinking
Books
 b - a book of Flames

   Spells                             Type                      Level
   a - Flame Tongue                   Conjuration/Fire             1
   b - Throw Flame                    Conjuration/Fire             2
   c - Conjure Flame                  Conjuration/Fire             3
   d - Inner Flame                    Hexes/Fire                   3
   e - Sticky Flame                   Conjuration/Fire             4
   f - Fireball                       Conjuration/Fire             5
Comestibles
 a - a chunk of flesh
 c - 2 bread rations
 f - 2 meat rations


   Skills:
 + Level 0.8 Fighting
 + Level 0.6 Polearms
 * Level 1.0 Armour
 - Level 2.0 Dodging
 - Level 1.9 Stealth
 * Level 2.3 Spellcasting
 * Level 1.4 Conjurations
 * Level 3.1 Fire Magic


You had 3 spell levels left.
You knew the following spells:

 Your Spells              Type           Power        Failure   Level  Hunger
a - Flame Tongue          Conj/Fire      #....        28%         1    #......
b - Throw Flame           Conj/Fire      #.....       41%         2    ###....


Dungeon Overview and Level Annotations

Branches:
Dungeon (2/15)

Altars:


Innate Abilities, Weirdness & Mutations

A weak demonic guardian rushes to your aid.


Message History

The hobgoblin closely misses you.
Casting: Throw Flame
Confirm with . or Enter, or press ? or * to list all spells.
Aiming: Flame Tongue
Press: ? - help, Shift-Dir - straight line, f/p - hobgoblin
Aim: a hobgoblin, wielding a club (moderately wounded)
You miscast Flame Tongue.
You are very lightly contaminated with residual magic.
Nothing appears to happen.
The hobgoblin hits you with a club.
* * * LOW HITPOINT WARNING * * *
You completely miss the hobgoblin.
The hobgoblin is moderately wounded.
The hobgoblin barely misses you.
You hit the hobgoblin but do no damage.
The hobgoblin is moderately wounded.
The hobgoblin barely misses you.
You hit the hobgoblin.
The hobgoblin is heavily wounded.
The hobgoblin hits you with a club.
You die...

###.# ...g. #.#.
#..# #.. #.# #
#.###)# # #. #.
#....g#.####
#.###.##..##@#....##
....................
.(.......##.#.##..#
........##.#.#
#.###.....##.# #
.............#
####...##### ##.##
#.#


You could see a hobgoblin.

Vanquished Creatures
  4 adders (D:2)
  2 leopard geckos (D:1)
  A giant cockroach (D:1)
  2 goblins
  2 hobgoblins
  A kobold (D:1)
  3 bats
  3 frilled lizards
  A rat (D:1)
19 creatures vanquished.

Notes
Turn   | Place    | Note
-------+----------+-------------------------------------------
     0 | D:1      | JeffiDaFish the Demonspawn Fire Elementalist began the quest for the Orb.
     0 | D:1      | Reached XP level 1. HP: 13/13 MP: 3/3
   511 | D:1      | Gained mutation: A weak demonic guardian rushes to your aid. [demonic ancestry]
   511 | D:1      | Reached XP level 2. HP: 19/19 MP: 1/5
   515 | D:1      | Learned a level 2 spell: Throw Flame
  1281 | D:2      | Reached XP level 3. HP: 2/25 MP: 1/6
  1336 | D:2      | Reached skill level 3 in Fire Magic
  1469 | D:2      | Reached skill level 1 in Armour
  1504 | D:2      | Slain by a hobgoblin

Skill      XL: |  1  2  3 |
---------------+----------+-----
Dodging        | 2 |  2.0
Fire Magic     | 3 |  3.1
Armour         | 1 |  1.0
Fighting       | |  0.8
Polearms       | |  0.6
Stealth        | |  1.9
Spellcasting   | |  2.3
Conjurations   | |  1.4

Action                   || total
-------------------------++-------
Melee: Unarmed           ||    15
       Spear             ||    36
 Cast: Flame Tongue      ||    27
       Throw Flame       ||     5
  Use: Potion            ||     5
       Scroll            ||     3
 Stab: Sleeping          ||     1
  Eat: Chunk             ||     3
Armor: Ring mail         ||    26
Dodge: Dodged            ||    39
